 Dungeon Crawl Stone Soup version 0.23-a0-290-g290e36d (webtiles) character file.

5512 MisterFreud the Grappler (level 10, -3/88 HPs)
             Began as a Troll Monk on Oct 3, 2018.
             Was a Believer of Qazlal.
             Slain by a two-headed ogre
             ... wielding a +0 giant spiked club
              (27 damage)
             ... on level 9 of the Dungeon.
             The game lasted 00:27:07 (7800 turns).

MisterFreud the Grappler (Troll Monk)               Turns: 7800, Time: 00:27:08

Health: -3/88      AC:  7    Str: 21    XL:     10   Next: 43%
Magic:  9/9        EV: 14    Int:  6    God:    Qazlal [**....]
Gold:   259        SH:  0    Dex: 15    Spells: 9/9 levels left

rFire    + . .     SeeInvis .     - Unarmed
rCold    . . .     Gourm    +   (no shield)
rNeg     . . .     Faith    .   A - +0 troll leather armour
rPois    .         Spirit   .   (helmet restricted)
rElec    .         Reflect  .   (no cloak)
rCorr    .         Harm     .   (gloves unavailable)
MR       .....                  (boots unavailable)
Stlth    +.........             d - amulet of magic regeneration
HPRegen  1.04/turn              m - ring of protection from fire
MPRegen  0.36/turn              (no ring)

@: confused, very slightly contaminated
A: large, unfitting armour, claws 3, fast metabolism 3, gourmand, regeneration
1, shaggy fur 1, tough skin 2
a: Upheaval, Renounce Religion


You were on level 9 of the Dungeon.
You worshipped Qazlal.
Qazlal was pleased with you.
You were completely stuffed.

You visited 2 branches of the dungeon, and saw 10 of its levels.

You collected 259 gold pieces.

Inventory:

Hand Weapons
 o - a +1 hunting sling
Missiles
 e - 229 stones
 f - a steel javelin (quivered)
 z - a throwing net
Armour
 a - a +1 robe
 x - the +0 robe of Spring Thaw {Int+3}
   (You found it on level 4 of the Dungeon)

   It affects your intelligence (+3).
 A - a +0 troll leather armour (worn)
 C - a +0 robe
Jewellery
 d - an amulet of magic regeneration (around neck)
 m - a ring of protection from fire (left claw)
 B - an uncursed ring of stealth
Wands
 c - a wand of enslavement (15)
 j - a wand of flame (37)
 q - a wand of paralysis (10)
 s - a wand of random effects (57)
 v - a wand of digging (11)
Scrolls
 h - a scroll of remove curse
 w - 2 scrolls of identify
 y - a scroll of enchant armour
Potions
 g - 4 potions of curing
 i - a potion of agility {unknown}
 k - a potion of mutation
 l - a potion of brilliance
 n - a potion of haste {unknown}
 p - a potion of flight
 u - 2 potions of invisibility
 D - 2 potions of heal wounds {unknown}
 G - a potion of magic {unknown}
Comestibles
 b - 10 rations
 E - 4 chunks of flesh


   Skills:
 - Level 2.4 Fighting
 - Level 5.0 Throwing
 - Level 8.0 Dodging
 - Level 1.0 Stealth
 + Level 11.7 Unarmed Combat


You had 9 spell levels left.
You didn't know any spells.
Your spell library contained the following spells:

 Spells                   Type           Power        Failure   Level  Hunger
 Infusion                 Chrm           #...         50%         1    ##.....
 Sandblast                Erth           #.....       50%         1    ##.....
 Passwall                 Tmut/Erth      #.......     65%         2    ###....
 Shroud of Golubria       Chrm/Tloc      #.........   65%         2    ###....
 Song of Slaying          Chrm           #.......     65%         2    ###....
 Regeneration             Chrm/Necr      #.........   86%         3    ####...
 Spectral Weapon          Hex/Chrm       #.......     86%         3    ####...
 Stone Arrow              Conj/Erth      #.....       86%         3    ####...
 Petrify                  Tmut/Erth      #.......     99%         4    #####..
 Lee's Rapid Deconstruct  Erth           #.........   100%        5    ######.


Dungeon Overview and Level Annotations

Branches:
Dungeon (9/15)             Temple (1/1) D:6
   Lair: D:8-11         Orc: D:9-12

Altars:
Ashenzari
Cheibriados
Dithmenos
Elyvilon
Fedhas
Gozag
Hepliaklqana
Kikubaaqudgha
Makhleb
Nemelex Xobeh
Okawaru
Qazlal
Ru
Sif Muna
Uskayaw
Vehumet
Wu Jian
Yredelemnul
Zin
The Shining One

Annotations:
D:5 1 exclusion
D:9 Prince Ribbit


Innate Abilities, Weirdness & Mutations

You are too large for most types of armour.
You have claws for hands.
Your metabolism is lightning-fast.
You like to eat raw meat.
Your natural rate of healing is unusually fast.
You are covered in fur. (AC +1)
You have very tough skin. (AC +2)


Message History

Aim: a two-headed ogre, wielding a giant spiked club and a giant club (heavily You throw a steel javelin.
The steel javelin hits the two-headed ogre.
The two-headed ogre is heavily wounded.
Throwing (i - inventory. (/) - cycle)
f - 3 steel javelins (quivered)
Press: ? - help, Shift-Dir - straight line, f/p - two-headed ogre
Aim: a two-headed ogre, wielding a giant spiked club and a giant club (heavily You throw a steel javelin.
The steel javelin hits the two-headed ogre!
The two-headed ogre is severely wounded.
Throwing (i - inventory. (/) - cycle)
f - 2 steel javelins (quivered)
Press: ? - help, Shift-Dir - straight line, f/p - two-headed ogre
Aim: a two-headed ogre, wielding a giant spiked club and a giant club (severely You throw a steel javelin.
The steel javelin barely misses the two-headed ogre.
You are confused.
You feel invigorated.
You bump into the rock wall.
The two-headed ogre hits you with a giant spiked club!!
You die...

#.......(.......#
#.#
#........(#####.#
#.# #.........#
#.# ..####.(.#
#.# #...#
.#####.#### #...#
#...........
#...#
#...........
#§O§#
#...........
#..@#
#.####......
#.§.# # #......
#...# #...)..
#...# #...)..
#...# #......
#.(.# #.# #......
#...# #.# #......
#...# #.# #......
#...# #.# #......


You could see a two-headed ogre.

Vanquished Creatures
  A two-headed ogre (D:6)
  2 trolls
  Grinder (D:5)
  3 hippogriffs
  Sigmund (D:5)
  A water moccasin (D:8)
  A necrophage (D:6)
  4 ogres
  3 ice beasts
  A phantom (D:5)
  A crocodile (D:9)
  4 centaurs
  5 bullfrogs
  A scorpion (D:3)
  3 howler monkeys
  A centaur zombie (D:9)
  4 crimson imps
  2 jellies
  5 orc priests
  3 hounds
  2 bullfrog skeletons
  A centaur skeleton (D:5)
  2 gnoll shamans (D:6)
  2 iguanas
  12 orc wizards
  6 worker ants
  A hound skeleton (D:5)
  A howler monkey skeleton (D:5)
  30 gnolls (D:6)
  15 adders
  A shadow imp (D:9)
  An ooze (D:4)
  An adder zombie (D:5)
  4 adder skeletons
  2 worms
  6 dart slugs
  6 leopard geckos
  26 orcs
  2 giant cockroaches
  7 goblins
  8 hobgoblins
  23 jackals
  5 quokkas
  3 ball pythons (D:1)
  A ball python skeleton (D:4)
  6 bats
  3 frilled lizards
  A jackal skeleton (D:6)
  4 kobolds
  A leopard gecko skeleton (D:4)
  A quokka skeleton (D:5)
  7 rats
238 creatures vanquished.

Vanquished Creatures (others)
  An orc (D:6)
  2 plants (D:9)
3 creatures vanquished.

Grand Total: 241 creatures vanquished

Notes
Turn   | Place    | Note
-------+----------+-------------------------------------------
     0 | D:1      | MisterFreud the Troll Monk began the quest for the Orb.
     0 | D:1      | Reached XP level 1. HP: 22/22 MP: 0/0
   153 | D:1      | Reached XP level 2. HP: 29/29 MP: 1/1
   453 | D:1      | Reached skill level 4 in Unarmed Combat
   621 | D:1      | Reached XP level 3. HP: 36/36 MP: 2/2
  1237 | D:2      | Found a burning altar of Makhleb.
  1245 | D:2      | Reached skill level 5 in Unarmed Combat
  1245 | D:2      | Reached XP level 4. HP: 41/44 MP: 3/3
  1381 | D:2      | Found a basalt altar of Yredelemnul.
  1956 | D:3      | Found a snail-covered altar of Cheibriados.
  2079 | D:3      | Found a sacrificial altar of Ru.
  2332 | D:4      | Reached XP level 5. HP: 50/50 MP: 4/4
  2367 | D:3      | Reached skill level 6 in Unarmed Combat
  2556 | D:4      | Reached XP level 6. HP: 59/59 MP: 5/5
  2635 | D:3      | Reached skill level 7 in Unarmed Combat
  2862 | D:4      | Got a faintly glowing robe
  2873 | D:4      | Identified the +0 robe of Spring Thaw {Int+3} (You found it
                  | on level 4 of the Dungeon)
  3231 | D:4      | Reached skill level 8 in Unarmed Combat
  3231 | D:4      | Reached XP level 7. HP: 33/66 MP: 6/6
  3473 | D:5      | Entered Level 5 of the Dungeon
  3489 | D:5      | Reached skill level 1 in Throwing
  3589 | D:5      | Noticed a hippogriff
  3600 | D:5      | Killed a hippogriff
  3699 | D:5      | Noticed Sigmund
  3702 | D:5      | Killed Sigmund
  3702 | D:5      | Reached skill level 9 in Unarmed Combat
  3702 | D:5      | Reached XP level 8. HP: 74/74 MP: 7/7
  3793 | D:5      | Found a deep blue altar of Sif Muna.
  4007 | D:5      | Found a shattered altar of Ashenzari.
  4015 | D:5      | Noticed Grinder
  4021 | D:5      | Killed Grinder
  4069 | D:5      | Reached skill level 5 in Throwing
  4219 | D:6      | Noticed a two-headed ogre
  4281 | D:6      | Reached skill level 10 in Unarmed Combat
  4515 | D:6      | Reached XP level 9. HP: 15/79 MP: 8/8
  4646 | D:6      | Killed a two-headed ogre
  4646 | D:6      | Reached skill level 5 in Dodging
  5421 | D:6      | Found a staircase to the Ecumenical Temple.
  5431 | Temple   | Entered the Ecumenical Temple
  6336 | D:7      | Reached XP level 10. HP: 42/88 MP: 9/9
  6362 | D:7      | Found a hide-covered altar of Uskayaw.
  7123 | D:8      | Found a stormy altar of Qazlal.
  7133 | D:8      | Became a worshipper of Qazlal Stormbringer
  7133 | D:8      | Reached * piety under Qazlal
  7133 | D:8      | Reached ** piety under Qazlal
  7347 | D:8      | Reached skill level 11 in Unarmed Combat
  7543 | D:9      | Noticed Prince Ribbit
  7582 | D:9      | Noticed a two-headed ogre
  7792 | D:9      | HP: 3/88 [two-headed ogre/giant spiked club (11)]
  7800 | D:9      | Slain by a two-headed ogre

Vault maps used:
D:1:      mainiacjoe_arrival_reflecting_pool, serial_park_tiny_2,
          minmay_shallow_snake_nest
D:2:      mumra_celtic_spiral_tile, makhleb_grotto_becter,
          nicolae_overflow_hidden_temple, kennysheep_minor_cross,
          yredelemnul_altar_generic
D:3:      cheibriados_altar_1, lemuel_crystal_altar, first_ration
D:4:      serial_bayou_pond_d
D:5:      kennysheep_six_static_rooms, old_standard_altar, led_sif_book,
          uniq_sigmund, uniq_grinder
D:6:      lemuel_castle_with_subvaults, lemuel_temple_firewalk_b
D:7:      overflow_temple_1_default
D:8:      nicolae_qazlal_eye_of_the_storm
D:9:      serial_shops, nicolae_shop_temple_entry_statues_fountains,
          hangedman_ranch, grunt_ministairs_6, fedhas_altar_decomposition,
          uniq_prince_ribbit1
Temple:   eino_temple_lava

Skill      XL: |  1  2  3  4  5  6  7  8  9 10 |
---------------+-------------------------------+-----
Unarmed Combat | 4 5 6 8 9 10 11 | 11.7
Throwing       | 3 5 |  5.0
Dodging        | 4 8 |  8.0
Fighting       | |  2.4
Stealth        | |  1.0

Action                   |  1- 3 |  4- 6 |  7- 9 | 10-12 || total
-------------------------+-------+-------+-------+-------++-------
Melee: Unarmed           |    81 |   167 |   285 |   116 ||   649
       Punch             |     1 |     2 |    17 |     5 ||    25
Throw: Javelin           |       |       |     6 |     4 ||    10
  Use: Scroll            |       |       |    17 |     3 ||    20
       Potion            |       |       |     1 |     1 ||     2
 Stab: Sleeping          |     5 |     5 |    13 |     1 ||    24
  Eat: Chunk             |    17 |    17 |    26 |    17 ||    77
Armor: Robe              |    22 |    44 |    48 |     1 ||   115
       Troll leather arm |       |       |       |    32 ||    32
Dodge: Dodged            |    42 |    85 |   144 |    81 ||   352
Block: Other             |       |       |       |     4 ||     4

Table legend:
 A = Non-vault XP
 B = Vault XP
 C = Vault XP percentage of total XP
 D = Non-vault monster count
 E = Vault monster count
 F = Vault count percentage of total count
                 A         B        C        D         E       F
            +---------+---------+-------+---------+---------+-------
      Total |    6257 |    1618 |  20.5 |     176 |      62 |  26.1
            +---------+---------+-------+---------+---------+-------
        D:1 |      40 |       4 |   9.1 |      20 |       3 |  13.0
        D:2 |      58 |      48 |  45.3 |      19 |       1 |   5.0
        D:3 |     209 |       0 |   0.0 |      18 |       0 |   0.0
        D:4 |     468 |       0 |   0.0 |      29 |       0 |   0.0
        D:5 |     966 |     549 |  36.2 |      24 |       5 |  17.2
        D:6 |    1782 |     662 |  27.1 |      18 |      51 |  73.9
        D:7 |    1128 |       0 |   0.0 |      10 |       0 |   0.0
        D:8 |    1086 |     307 |  22.0 |      29 |       1 |   3.3
        D:9 |     520 |      48 |   8.5 |       9 |       1 |  10.0
            +---------+---------+-------+---------+---------+-------
